 Dungeon Crawl Stone Soup version 0.29.1-12-g30fa7ad0bf (webtiles) character file.

Game seed: 3665803278311467936

1894 Descartes the Shield-Bearer (level 9, -1/64 HPs)
             Began as a Formicid Fighter on Dec 19, 2022.
             Slain by a wight
             ... wielding a +0 falchion
              (3 damage)
             ... on level 6 of the Dungeon.
             The game lasted 00:10:40 (5201 turns).

Descartes the Shield-Bearer (Formicid Fighter)      Turns: 5201, Time: 00:10:41

Health: -1/64      AC: 12    Str: 20    XL:     9   Next: 37%
Magic:  9/9        EV:  9    Int: 13    God:
Gold:   308        SH: 11    Dex: 16    Spells: 8/8 levels left

rFire   . . .      SeeInvis +   A - +8 spear of Oluxtum {freeze, rElec rPois rC+ Dex+3}
rCold   + . .      Faith    .   c - +0 buckler
rNeg    + . .      Spirit   .   b - +0 scale mail
rPois   +          Reflect  +   (helmet unavailable)
rElec   +          Harm     .   p - +0 cloak
rCorr   .          Rampage  .   (no gloves)
Will    .....                   (no boots)
Stlth   ..........              G - amulet of reflection
HPRegen 0.20/turn               k - +4 ring of protection
MPRegen 0.11/turn               w - ring of positive energy

@: no status effects
A: permanent stasis, dig shafts and tunnels, antennae 3, four strong arms
a: Dig, Shaft Self


You were on level 6 of the Dungeon.
You visited 1 branch of the dungeon, and saw 6 of its levels.

You collected 308 gold pieces.

Inventory:

Hand Weapons
 n - the +8 hammer of Malaise {vorpal, Str+7 Int+2 Dex+4}
   (You found it on level 2 of the Dungeon)

   It inflicts extra damage upon your enemies.
   Str:       It affects your strength (+7).
   Int:       It affects your intelligence (+2).
   Dex:       It affects your dexterity (+4).
 o - a +4 quarterstaff of chaos
 q - a +1 hammer of holy wrath
 s - a +0 hand axe of freezing
 A - the +8 spear of Oluxtum (weapon) {freeze, rElec rPois rC+ Dex+3}
   (You found it on level 5 of the Dungeon)

   It freezes those it strikes, dealing additional cold damage.
   It can also slow down cold-blooded creatures.
   Dex:       It affects your dexterity (+3).
   rC:        It protects you from cold.
   rElec:     It insulates you from electricity.
   rPois:     It protects you from poison.
 C - a +0 battleaxe
Missiles
 f - 8 javelins
 g - 7 poisoned darts
 u - 3 boomerangs
Armour
 b - a +0 scale mail (worn)
 c - a +0 buckler (worn)
 p - a +0 cloak (worn)
 D - an orb of mayhem
Jewellery
 k - a +4 ring of protection (left hand)
 w - a ring of positive energy (right hand)
 x - a ring of wizardry
 y - a +6 ring of dexterity
 G - an amulet of reflection (around neck)
Wands
 a - a wand of paralysis (8)
 F - a wand of light (9)
Scrolls
 h - 2 scrolls of amnesia {unknown}
 i - 2 scrolls of teleportation {unknown}
 j - a scroll of fear {unknown}
 l - a scroll of enchant weapon {unknown}
 m - 3 scrolls of vulnerability {unknown}
 v - 2 scrolls of poison {unknown}
 E - a scroll of immolation {unknown}
Potions
 d - a potion of might
 e - a potion of curing
 r - a potion of degeneration {unknown}
 t - a potion of magic {unknown}
 z - a potion of mutation {unknown}
 B - a potion of invisibility {unknown}
 H - a potion of attraction {unknown}


   Skills:
 - Level 3.2 Fighting
 + Level 4.9(5.7) Axes
 + Level 3.5(5.1) Maces & Flails
 + Level 2.3(4.3) Polearms
 + Level 2.4(3.7) Staves
 + Level 5.9 Armour
 + Level 7.1 Shields
 + Level 4.0 Translocations
 + Level 4.9 Evocations


You had 8 spell levels left.
You didn't know any spells.
Your spell library contained the following spells:

 Spells                   Type           Power      Damage    Failure   Level
 Scorch                   Fire           0%         2d5       83%         2
 Flame Wave               Conj/Fire      0%         2d4       100%        4
 Summon Cactus Giant      Summ           0%         N/A       100%        6


Dungeon Overview and Level Annotations

Branches:
Dungeon (6/15)
 Temple: D:4-7

Altars:
Cheibriados
Kikubaaqudgha
Makhleb
Qazlal
Yredelemnul
Zin

Shops:
D:5 *


Innate Abilities, Weirdness & Mutations

You cannot be hasted, slowed, berserked, paralysed or teleported.
You can dig through walls and to a lower floor.
You have a pair of large antennae on your head. (SInv)
Your four strong arms can wield two-handed weapons with a shield.


Message History

You reach to attack!
You barely miss the steam dragon. You hit the steam dragon.
You freeze the steam dragon.
The steam dragon is moderately wounded.
The steam dragon breathes steam at you. The ball of steam hits you!!
The steam dragon breathes steam at you. The ball of steam hits you!
You are too injured to fight recklessly!
Okay, then.
You are engulfed in a cloud of scalding steam.
* * * LOW HITPOINT WARNING * * *
You block the steam dragon's attack. The steam dragon claws you.
* * * LOW HITPOINT WARNING * * *
The steam dragon attacks as you move away!
You block the steam dragon's attack. x2
A wight comes into view. It is wielding a +0 falchion.
You feel better. You block the steam dragon's attack.
The steam dragon claws you but does no damage.
The steam dragon attacks as you move away!
The steam dragon bites you but does no damage.
You block the steam dragon's attack.
The steam dragon attacks as you move away!
The steam dragon bites you!
* * * LOW HITPOINT WARNING * * *
You block the steam dragon's attack.
A wight comes into view. It is wielding a +1 war axe.
The steam dragon attacks as you move away!
The steam dragon closely misses you. You block the steam dragon's attack.
Are you sure you want to shaft yourself?
The steam dragon bites you.
* * * LOW HITPOINT WARNING * * *
The steam dragon claws you but does no damage.
The wight hits you with a +0 falchion.
* * * LOW HITPOINT WARNING * * *
You begin to dig a shaft.
You continue digging a shaft.
The steam dragon bites you.
* * * LOW HITPOINT WARNING * * *
The steam dragon claws you but does no damage.
The wight hits you with a +0 falchion.
You die...

#.......# ###....#.######
##### #......#.)....###
#...# #...###..######...#
#...# #.#
#...#######.###...# #.
####$................###.#
#
...........##...###........
#####....D............#####
.....z..z@#####.####.#
###..##.#...# #..#.†.#
...###..##..###...#####
..## ##.# #.##........# ##
#.# .#..######.## #.# #.#
#..## #. #. #####... ##
..####.......
........######


You could see a steam dragon and 2 wights.

Vanquished Creatures
  A two-headed ogre (D:5)
  Grinder (D:4)
  A wyvern (D:5)
  Sigmund (D:4)
  A water moccasin (D:5)
  2 phantoms
  3 scorpions
  An orc priest (D:3)
  Crazy Yiuf (D:2)
  Jessica (D:2)
  5 orc wizards
  8 adders
  5 worms
  18 orcs
  4 endoplasms
  5 giant cockroaches
  6 goblins
  13 hobgoblins
  6 jackals
  2 quokkas
  6 ball pythons
  6 bats
  5 frilled lizards
  6 kobolds
  7 rats
115 creatures vanquished.

Notes
Turn   | Place    | Note
-------+----------+-------------------------------------------
     0 | D:1      | Descartes the Formicid Fighter began the quest for the Orb.
     0 | D:1      | Reached XP level 1. HP: 18/18 MP: 1/1
    84 | D:1      | Reached XP level 2. HP: 20/24 MP: 2/2
   392 | D:1      | Reached skill level 1 in Evocations
   392 | D:1      | Reached XP level 3. HP: 26/29 MP: 3/3
   613 | D:1      | Found a faded altar of an unknown god.
   722 | D:2      | Noticed Jessica
   726 | D:2      | Reached skill level 1 in Translocations
   859 | D:2      | Killed Jessica
   860 | D:2      | Reached XP level 4. HP: 6/35 MP: 4/4
  1200 | D:2      | Found an ancient bone altar of Kikubaaqudgha.
  1419 | D:2      | Noticed a phantom
  1434 | D:2      | Killed a phantom
  1435 | D:2      | Reached skill level 5 in Shields
  1435 | D:2      | Reached XP level 5. HP: 18/41 MP: 5/5
  1766 | D:2      | Found a runed translucent door.
  1767 | D:2      | Noticed Crazy Yiuf
  1770 | D:2      | Identified the +8 hammer of Malaise {vorpal, Str+7 Int+2
                  | Dex+4}
  1797 | D:2      | Killed Crazy Yiuf
  1798 | D:2      | Reached XP level 6. HP: 12/47 MP: 2/6
  2190 | D:3      | Found a burning altar of Makhleb.
  2199 | D:3      | Noticed a green death
  2792 | D:3      | Found a glowing silver altar of Zin.
  2793 | D:3      | Noticed an angel
  3105 | D:4      | Reached skill level 1 in Maces & Flails
  3192 | D:4      | Noticed Grinder
  3206 | D:4      | Killed Grinder
  3207 | D:4      | Reached XP level 7. HP: 17/52 MP: 7/7
  3430 | D:4      | Noticed Sigmund
  3436 | D:4      | Killed Sigmund
  3496 | D:4      | Reached skill level 5 in Armour
  3496 | D:4      | Reached skill level 6 in Shields
  3496 | D:4      | Reached XP level 8. HP: 56/58 MP: 8/8
  3581 | D:4      | Found a snail-covered altar of Cheibriados.
  3581 | D:4      | Found a basalt altar of Yredelemnul.
  3885 | D:5      | Entered Level 5 of the Dungeon
  3917 | D:5      | Identified the +8 spear of Oluxtum {freeze, rElec rPois rC+
                  | Dex+3}
  4343 | D:5      | Noticed a wyvern
  4351 | D:5      | Killed a wyvern
  4352 | D:5      | Reached skill level 1 in Polearms
  4352 | D:5      | Reached skill level 1 in Staves
  4619 | D:5      | Found Asmoosun's Alliterative Accessories.
  4667 | D:5      | Noticed a two-headed ogre
  4674 | D:5      | Killed a two-headed ogre
  4675 | D:5      | Reached skill level 7 in Shields
  4675 | D:5      | Reached XP level 9. HP: 35/64 MP: 9/9
  4833 | D:5      | Found a stormy altar of Qazlal.
  5200 | D:6      | HP: 3/64 [wight/+0 falchion (6)]
  5201 | D:6      | Slain by a wight

Illustrated notes

Levels and vault maps discovered:
D:1:      shiori_arrival_oz, layout_rooms,
          dreamdust_ecumenical_altar_angels_and_demons, serial_park_tiny_2
D:2:      layout_basic, basic_altar, minmay_misc_feat_encased,
          uniq_crazy_yiuf_cottage, uniq_jessica
D:3:      kb_forest_paths, layout_basic, grunt_temple_overflow_order_and_chaos_2
D:4:      layout_loops_ring, gammafunk_temple_overflow_wave, minmay_ruptured,
          uniq_grinder, uniq_sigmund
D:5:      layout_basic, mainiacjoe_overflow_24_doors, nicolae_alphabet_shops,
          minmay_misc_feat_more_columns, minmay_strange_pillars,
          wad_floor_pattern_untrapped, st_stairs_9
D:6:      layout_rooms, grunt_dithmenos_shadows

Skill      XL: |  1  2  3  4  5  6  7  8  9 |
---------------+----------------------------+-----
Evocations     | 1 2 3 4 |  4.9
Translocations | 1 2 3 4 |  4.0
Axes           | 3 4 |  4.9
Armour         | 4 5 |  5.9
Shields        | 5 6 7 |  7.1
Maces & Flails | 1 2 3 |  3.5
Polearms       | 2 |  2.3
Staves         | 2 |  2.4
Fighting       | |  3.2

Action                   |  1- 3 |  4- 6 |  7- 9 || total
-------------------------+-------+-------+-------++-------
Melee: War axe           |    99 |    34 |       ||   133
       Mace              |       |    90 |    27 ||   117
       Spear             |       |       |    64 ||    64
 Abil: Dig               |       |     1 |       ||     1
       Shaft Self        |       |       |     1 ||     1
  Use: Potion            |       |     1 |     1 ||     2
Armor: Scale mail        |    53 |    54 |    26 ||   133
Dodge: Dodged            |    56 |    48 |    22 ||   126
Block: Buckler           |    21 |    44 |    29 ||    94
